 Dungeon Crawl Stone Soup version 0.29.1-1-gd02db6906a (webtiles) character file.

Game seed: 4229292856300275840

341 Earthwalker the Shield-Bearer (level 6, -16/56 HPs)
             Began as a Minotaur Fighter on Oct 22, 2022.
             Demolished by an ogre
             ... wielding a +0 giant club
              (29 damage)
             ... on level 4 of the Dungeon.
             The game lasted 00:06:24 (4035 turns).

Earthwalker the Shield-Bearer (Minotaur Fighter)    Turns: 4035, Time: 00:06:25

Health: -16/56     AC: 12    Str: 23    XL:     6   Next: 30%
Magic:  5/5        EV:  6    Int:  5    God:
Gold:   325        SH:  4    Dex:  9    Spells: 5/5 levels left

rFire   . . .      SeeInvis .   a - +0 war axe
rCold   . . .      Faith    .   c - +0 buckler
rNeg    . . .      Spirit   .   x - +0 plate armour
rPois   .          Reflect  .   (helmet restricted)
rElec   .          Harm     .   (no cloak)
rCorr   .          Rampage  .   (no gloves)
Will    .....                   (no boots)
Stlth   ..........              (no amulet)
HPRegen 0.18/turn               (no ring)
MPRegen 0.09/turn               (no ring)

@: no status effects
A: horns 2, retaliatory headbutt
a: no special abilities


You were on level 4 of the Dungeon.
You visited 1 branch of the dungeon, and saw 4 of its levels.

You collected 325 gold pieces.

Inventory:

Hand Weapons
 a - a +0 war axe (weapon)
Missiles
 u - 11 poisoned darts (quivered)
Armour
 b - a +0 scale mail
 c - a +0 buckler (worn)
 x - a +0 plate armour (worn)
Jewellery
 r - an amulet of guardian spirit
Wands
 s - a wand of flame (15)
Scrolls
 e - a scroll of noise {unknown}
 f - a scroll of amnesia {unknown}
 g - a scroll of immolation {unknown}
 h - a scroll of blinking {unknown}
 i - a scroll of teleportation {unknown}
 k - a scroll of enchant weapon {unknown}
 n - 3 scrolls of summoning {unknown}
 o - 4 scrolls of identify {unknown}
 p - a scroll of magic mapping {unknown}
 t - a scroll of fear {unknown}
 w - a scroll of vulnerability {unknown}
Potions
 d - a potion of might
 j - a potion of flight {unknown}
 l - 3 potions of curing
 m - 2 potions of heal wounds {unknown}
 q - a potion of cancellation {unknown}
 v - a potion of attraction {unknown}


   Skills:
 * Level 5.1 Fighting
 * Level 4.3 Axes
 * Level 5.1 Armour
 + Level 1.9 Dodging
 * Level 5.2 Shields


You had 5 spell levels left.
You didn't know any spells.
Your spell library was empty.

Dungeon Overview and Level Annotations

Branches:
Dungeon (4/15)
 Temple: D:4-7

Altars:
Gozag
Wu Jian

Annotations:
D:3 3 runed translucent doors, caveywoolpert's ghost, amateur HOFi; jaiteiro's ghost, novice GnCj


Innate Abilities, Weirdness & Mutations

You have a pair of horns on your head.
You reflexively headbutt those who attack you in melee.


Message History

There is a stone staircase leading down here.
Caveywoolpert's ghost turns its malevolent gaze towards you.
Could not explore, unopened runed door.
Caveywoolpert's ghost grins evilly.
You see here a +0 plate armour.
x - a +0 plate armour You start removing your armour.
You continue taking off your +0 scale mail. x4
You finish taking off your +0 scale mail.
You start putting on your armour.
You continue putting on your +0 plate armour. x5
You finish putting on your +0 plate armour.
There is a stone staircase leading down here.
You climb downwards.
You hear the hiss of flowing sand.
There is an entrance to an ossuary on this level.
Hurry and find it before the portal is buried!
There is a stone staircase leading up here.
Found a potion of curing.
l - 3 potions of curing (gained 1)
An ogre comes into view. It is wielding a +0 giant club.
The ogre shouts!
You hear a shout!
The ogre hits you but does no damage.
You barely miss the ogre. You hit the ogre.
The ogre is lightly wounded.
The ogre closely misses you.
You barely miss the ogre.
The ogre is lightly wounded.
The ogre hits you with a +0 giant club!!
Ouch! That really hurt!
You barely miss the ogre.
The ogre is lightly wounded.
The ogre hits you with a +0 giant club!
* * * LOW HITPOINT WARNING * * *
A lemure comes into view.
You barely miss the ogre.
The ogre is lightly wounded.
The ogre hits you with a +0 giant club!!
Ouch! That really hurt!
You die...

#.5 . .. .. .#
..##.#######.#
.............#
.....#.#.#.#..#
##.............# ##.##
#.....#.#O#.#.#
...#.####.......@....#
......#......#.#.#.#.#
..........##.........#
.............#.#.#.#.#
.....................#
..............########
#..........####
#.....<#..##
#.....##.##


You could see an ogre and a lemure.

Vanquished Creatures
  Natasha (thrice) (D:2)
  5 adders
  6 gnolls (D:3)
  A worm (D:3)
  4 dart slugs
  10 ball pythons
  6 bats
  8 endoplasms
  3 giant cockroaches
  33 goblins
  36 hobgoblins
  2 jackals (D:1)
  5 kobolds
  3 quokkas
  4 frilled lizards
  4 rats
133 creatures vanquished.

Vanquished Creatures (others)
  5 withered plants (D:3)
5 creatures vanquished.

Grand Total: 138 creatures vanquished

Notes
Turn   | Place    | Note
-------+----------+-------------------------------------------
     0 | D:1      | Earthwalker the Minotaur Fighter began the quest for the
                  | Orb.
     0 | D:1      | Reached XP level 1. HP: 19/19 MP: 0/0
    34 | D:1      | Reached XP level 2. HP: 23/27 MP: 1/1
   638 | D:1      | Reached XP level 3. HP: 33/33 MP: 2/2
  1144 | D:2      | Noticed Natasha
  1148 | D:2      | Killed Natasha
  1149 | D:2      | Reached skill level 1 in Dodging
  1269 | D:2      | Reached XP level 4. HP: 39/40 MP: 3/3
  1570 | D:2      | Noticed Natasha
  1573 | D:2      | Killed Natasha
  1807 | D:2      | Noticed Natasha
  1811 | D:2      | Killed Natasha
  1812 | D:2      | Reached XP level 5. HP: 42/47 MP: 4/4
  2079 | D:2      | Found a faded altar of an unknown god.
  2461 | D:3      | Found a runed translucent gate.
  2462 | D:3      | Found a runed translucent gate.
  2463 | D:3      | Found a runed translucent gate.
  2464 | D:3      | Noticed caveywoolpert's ghost (amateur HOFi)
  2464 | D:3      | Noticed jaiteiro's ghost (novice GnCj)
  2676 | D:3      | Found an ornate altar of the Wu Jian Council.
  2770 | D:3      | Found an opulent altar of Gozag.
  3121 | D:3      | Reached skill level 5 in Fighting
  3400 | D:3      | Reached XP level 6. HP: 56/56 MP: 5/5
  3410 | D:3      | Reached skill level 5 in Shields
  3423 | D:3      | Reached skill level 5 in Armour
  4035 | D:4      | Demolished by an ogre

Illustrated notes

Levels and vault maps discovered:
D:1:      erik_arrival_cave_to_civilisation [erik_arrival_cave_to_hall],
          layout_basic, chequers_serial_rivers_large_a
D:2:      minmay_razor_zed, layout_loops_corners,
          dilly_ecumenical_altar_fadedgnrine, uniq_natasha
D:3:      minmay_goblin_kobold_castle, layout_loops_ring,
          nicolae_wu_jian_immortal_techniques, mainiacjoe_overflow_tiny_flanked,
          gammafunk_ghost_cemetery
D:4:      layout_cave_pools, mainiacjoe_overflow_catwalk, serial_glass,
          glass_columns_a, glass_columns_a, glass_columns_b, glass_columns_b,
          glass_columns_b, glass_columns_b, glass_columns_c, glass_columns_c,
          glass_columns_a, glass_columns_a, nicolae_ossuary_entry_ruins,
          uniq_duvessa, uniq_pikel

Skill      XL: |  1  2  3  4  5  6 |
---------------+-------------------+-----
Shields        | 4 5 |  5.2
Armour         | 4 5 |  5.1
Fighting       | 4 5 |  5.1
Axes           | 3 4 |  4.3
Dodging        | 1 |  1.9

Action                   |  1- 3 |  4- 6 || total
-------------------------+-------+-------++-------
Melee: War axe           |    54 |   163 ||   217
       Headbutt          |     3 |    22 ||    25
Armor: Scale mail        |    22 |    76 ||    98
       Plate armour      |       |     1 ||     1
Dodge: Dodged            |    26 |   101 ||   127
Block: Buckler           |    11 |    44 ||    55
